 Dungeon Crawl Stone Soup version 0.28-a0-1613-gdaab1c2f9b (webtiles) character file.

Game seed: 12959416668509746344

32 murtidash the Ducker (level 3, 28/28 HPs)
             Began as a Djinni Arcane Marksman on Jan 21, 2022.
             Quit the game on level 1 of the Dungeon.
             The game lasted 00:01:52 (1056 turns).

murtidash the Ducker (Djinni Arcane Marksman)       Turns: 1056, Time: 00:01:53

Health: 28/28      AC:  2    Str:  9    XL:     3   Next: 45%
Gold:   9          EV: 12    Int: 16    God:
                   SH:  0    Dex: 13

rFire   + + .      SeeInvis .   a - +0 shortbow
rCold   x . .      Faith    .   (shield currently unavailable)
rNeg    . . .      Spirit   .   d - +0 robe
rPois   ∞          Reflect  .   (no helmet)
rElec   .          Harm     .   (no cloak)
rCorr   .          Rampage  .   (no gloves)
Will    .....                   (boots unavailable)
Stlth   +.........              (no amulet)
HPRegen 0.09/turn               (no ring)
MPRegen 0.00/turn               (no ring)

@: flying
A: sickness immunity, fire resistance 2, cold vulnerability 1, float, innate
caster, hp casting, extra vitality 1
a: no special abilities


You were on level 1 of the Dungeon.
You visited 1 branch of the dungeon, and saw 1 of its levels.

You collected 9 gold pieces.

Inventory:

Hand Weapons
 a - a +0 shortbow (weapon)
 b - a +0 dagger
   (You found it on level 1 of the Dungeon)
Missiles
 c - 28 arrows (quivered ammo)
Armour
 d - a +0 robe (worn)
Jewellery
 g - a ring of fire {rF+, rC-}
   (You found it on level 1 of the Dungeon)
Scrolls
 e - a scroll of noise {unknown}
 f - a scroll of enchant weapon {unknown}
 h - a scroll of vulnerability {unknown}
Potions
 i - a potion of degeneration {unknown}
 j - a potion of mutation {unknown}
 k - a potion of might {unknown}


   Skills:
 + Level 1.6 Fighting
 + Level 2.0 Bows
 + Level 2.7 Dodging
 + Level 2.6 Spellcasting


You couldn't memorise any spells.
You knew the following spells:

 Your Spells              Type           Power      Damage    Failure   Level
s - Slow                  Hex            40%        N/A       6%          1
M - Summon Small Mammal   Summ           40%        N/A       6%          1
U - Cause Fear            Hex            5%         N/A       54%         4
X - Portal Projectile     Hex/Tloc       20%        N/A       19%         3
Z - Inner Flame           Hex/Fire       10%        N/A       19%         3
Your spell library was empty.

Dungeon Overview and Level Annotations

Branches:
Dungeon (1/15)

Altars:


Innate Abilities, Weirdness & Mutations

You are immune to sickness and miasma.
You are immune to poison.
Your flesh is very heat resistant. (rF++)
You are vulnerable to cold. (rC-)
You float through the air rather than walking.
You learn spells naturally, not from books.
Your magical power is your life essence.
You have superior vitality. (+4 MHP)


Message History

A ball python comes into view.
You shoot an arrow. The arrow hits the ball python.
You kill the ball python!
No target in view!
No target in view!
c - 23 arrows (gained 1)
A frilled lizard comes into view.
You see here an arrow.
You shoot an arrow. The arrow hits the frilled lizard.
You kill the frilled lizard!
No target in view!
No target in view!
No target in view!
c - 23 arrows (gained 1)
c - 24 arrows (gained 1)
A frilled lizard comes into view.
You shoot an arrow. The arrow hits the frilled lizard.
You kill the frilled lizard!
Your Bows skill increases to level 2!
No target in view!
No target in view!
A dart slug comes into view.
Things that are here:
an arrow; a frilled lizard corpse You shoot an arrow.
The arrow hits the dart slug!
The dart slug launches a dart at you. The slug dart misses you.
You shoot an arrow. The arrow hits the dart slug.
You shoot an arrow. The arrow hits the dart slug.
You kill the dart slug!
No target in view!
c - 21 arrows (gained 1)
You see here a frilled lizard corpse.
c - 22 arrows (gained 1)
You see here a frilled lizard corpse.
c - 25 arrows (gained 3)
c - 26 arrows (gained 1)
A bat comes into view.
You shoot an arrow.
The arrow hits the bat but does no damage.
The bat hits you but does no damage.
You shoot an arrow. The arrow barely misses the bat.
The bat misses you.
You shoot an arrow. The arrow closely misses the bat.
The bat completely misses you.
You shoot an arrow. The arrow misses the bat.
The bat hits you.
You take 1 damage, and have 26/27 hp.
You shoot an arrow. The arrow barely misses the bat.
The bat hits you but does no damage.
You shoot an arrow. The arrow hits the bat.
You kill the bat!
No target in view!
No target in view!
c - 21 arrows (gained 1)
c - 23 arrows (gained 2)
You see here a ball python corpse.
Health restored: 27
c - 24 arrows (gained 1)
c - 25 arrows (gained 1)
c - 26 arrows (gained 1)
h - a scroll labelled ORUQUT HIEJUENT
c - 27 arrows (gained 1)
c - 28 arrows (gained 1)
i - an inky potion You see here a +0 chain mail.
j - a smoky black potion
There is a faded altar of an unknown god here.
k - a bubbling dark potion A bat comes into view.
A bat is nearby!
You shoot an arrow. The arrow hits the bat.
You kill the bat!
No target in view!
No target in view!
c - 28 arrows (gained 1)
You see here a bat corpse.
A goblin comes into view. It is wielding a +0 club.
The goblin shouts!
You shoot an arrow. The arrow misses the goblin.
You shoot an arrow. The arrow closely misses the goblin.
You shoot an arrow. The arrow hits the goblin.
You shoot an arrow. The arrow hits the goblin.
You kill the goblin!
No target in view!
No target in view!
c - 25 arrows (gained 1)
Things that are here:
a +0 club; a goblin corpse
c - 26 arrows (gained 1)
c - 27 arrows (gained 1)
c - 28 arrows (gained 1)
Found a stone staircase leading down.
A goblin comes into view. It is wielding a +0 dagger of venom.
You shoot an arrow. The arrow hits the goblin!
You kill the goblin!
Health restored: 28 No target in view!
No target in view!
c - 28 arrows (gained 1)
Things that are here:
a +0 dagger of venom; a goblin corpse

#.#..#.### #
#.#......
#.###.#.##.####
#.#..............
.........[..>....
#### #.#####.#.#....!
...# #.#.# #.#
##.#####.# #.#.#
.........#####.#@#
##.#######.(.#.#^...#
#.# #...#.######
#.#######...#.#
#.............#
#########...### #...#
#####


There were no monsters in sight!

Vanquished Creatures
  4 dart slugs (D:1)
  4 bats (D:1)
  4 endoplasms (D:1)
  A giant cockroach (D:1)
  3 goblins (D:1)
  3 ball pythons (D:1)
  4 frilled lizards (D:1)
  2 rats (D:1)
25 creatures vanquished.

Notes
Turn   | Place    | Note
-------+----------+-------------------------------------------
     0 | D:1      | murtidash the Djinni Arcane Marksman began the quest for
                  | the Orb.
     0 | D:1      | Reached XP level 1. HP: 17/17 MP: 0/0
   255 | D:1      | Reached XP level 2. HP: 11/22 MP: 0/0
   417 | D:1      | Found a faded altar of an unknown god.
   726 | D:1      | Reached XP level 3. HP: 27/27 MP: 0/0
   726 | D:1      | Learned a level 1 spell: Summon Small Mammal
   767 | D:1      | Reached skill level 2 in Bows
  1056 | D:1      | Quit the game

Illustrated notes

Levels and vault maps discovered:
D:1:      amcnicky_arrival_wind_blow, layout_basic,
          hellmonk_ecumenical_altar_run_dry

Skill      XL: |  1  2  3 |
---------------+----------+-----
Bows           | 2 |  2.0
Fighting       | |  1.6
Dodging        | |  2.7
Spellcasting   | |  2.6

Action                   || total
-------------------------++-------
Melee: Dagger            ||    20
       Punch             ||     1
 Fire: Shortbow          ||    76
Armor: Robe              ||    20
Dodge: Dodged            ||    31

Table legend: (Time is in decaauts)
 A = Elapsed time spent in this place.
 B = Non-inter-level travel time spent in this place.
 C = Inter-level travel time spent in this place.
 D = Time resting spent in this place.
 E = Time spent auto-exploring this place.
 F = Levels seen in this place.
 G = Mean time per level.
                   A        B        C        D        E       F      G
               +--------+--------+--------+--------+--------+-----+--------+
         Total |   1064 |   1064 |      0 |      0 |    864 |   1 | 1064.0 |
       Dungeon |   1064 |   1064 |      0 |      0 |    864 |   1 | 1064.0 |
               +--------+--------+--------+--------+--------+-----+--------+

Top non-repeatable levels by time:
     D:1: 1064 daAuts

Table legend:
 A = Kills in this place as a percentage of kills in entire the game.
 B = Kills by you in this place as a percentage of kills by you in the entire game.
 C = Kills by friends in this place as a percentage of kills by friends in the entire game.
 D = Other kills in this place as a percentage of other kills in the entire game.
 E = Experience gained in this place as a percentage of experience gained in the entire game.
 F = Experience gained in this place divided by the number of levels of this place that you have seen.
                   A       B       C       D       E      F
               +-------+-------+-------+-------+-------+----------------------
         Total | 100.0 | 100.0 |   N/A |   N/A | 100.0 |  47.0
       Dungeon | 100.0 | 100.0 |   N/A |   N/A | 100.0 |  47.0
               +-------+-------+-------+-------+-------+----------------------
